SNL (28 & UNDER)
SANTA FE DIABLOS @ WICHITA WRANGLERS
05/07/2029
 
TOP OF THE 1ST
Santa Fe Diablos batting - Pitching for Wichita Wranglers : RHP Jeff Valdés
Pitching: RHP Jeff Valdés
Batting: SHB Ed Dundee 0-0: Foul Ball, location: 2F
0-1: Foul Ball, location: 2F
0-2: Strikes out swinging
Batting: RHB Tim Adkins 0-0: Ball
1-0: Swinging Strike
1-1: Swinging Strike
1-2: Strikes out looking
Batting: RHB Ray Ervin 0-0: Foul Ball, location: 2F
0-1: Ball
1-1: Called Strike
1-2: SOLO HOME RUN (Flyball, 7D), Distance : 360 ft
Batting: LHB Juan Torres 0-0: Ball
1-0: Swinging Strike
1-1: Ball
2-1: Swinging Strike
2-2: Ground out 6-3 (Groundball, 6)
Top of the 1st over - 1 run, 1 hit, 0 errors, 0 left on base; Santa Fe 1 - Wichita 0
BOTTOM OF THE 1ST
Wichita Wranglers batting - Pitching for Santa Fe Diablos : RHP Jacob Bryant
Pitching: RHP Jacob Bryant
Batting: RHB Dave Boom 0-0: Called Strike
0-1: Ground out 6-3 (Groundball, 6)
Batting: LHB Dudley Cooper 0-0: Fly out, F9 (Flyball, 89D)
Batting: RHB Jorge Barbosa 0-0: Ball
1-0: Foul Ball, location: 2F
1-1: Foul Ball, location: 2F
1-2: Strikes out swinging
Bottom of the 1st over - 0 runs, 0 hits, 0 errors, 0 left on base; Santa Fe 1 - Wichita 0
TOP OF THE 2ND
Santa Fe Diablos batting - Pitching for Wichita Wranglers : RHP Jeff Valdés
Batting: SHB Ángel Díaz 0-0: Ball
1-0: Ball
2-0: Ball
3-0: Base on Balls
Batting: RHB Nick Vogel 0-0: Ball
1-0: Foul Ball, location: 2F
1-1: Ball
2-1: Called Strike
2-2: Foul Ball, location: 2F
2-2: Fly out, F9 (Flyball, 9)
Batting: RHB Frank Martínez 0-0: Called Strike
0-1: Ball
1-1: Foul Ball, location: 2F
1-2: Ball
2-2: SINGLE (Groundball, 34) (infield hit)
Ángel Díaz to second
Batting: RHB Félix Campos 0-0: Called Strike
0-1: Ball
1-1: Ball
2-1: Grounds into double play, 5-4-3 (Groundball, 5)
Top of the 2nd over - 0 runs, 1 hit, 0 errors, 1 left on base; Santa Fe 1 - Wichita 0
BOTTOM OF THE 2ND
Wichita Wranglers batting - Pitching for Santa Fe Diablos : RHP Jacob Bryant
Batting: LHB Milo Powers 0-0: Called Strike
0-1: Foul Ball, location: 2F
0-2: Foul Ball, location: 2F
0-2: Ball
1-2: Foul Ball, location: 2F
1-2: Foul Ball, location: 2F
1-2: Ground out 5-3 (Groundball, 5)
Batting: RHB Travis Ezell 0-0: Ground out 4-3 (Groundball, 4)
Batting: LHB Al Miller 0-0: Ball
1-0: Foul Ball, location: 2F
1-1: Ball
2-1: Ball
3-1: Base on Balls
Batting: RHB Stan Taylor 0-0: Called Strike
0-1: Foul Ball, location: 2F
0-2: Strikes out looking
Bottom of the 2nd over - 0 runs, 0 hits, 0 errors, 1 left on base; Santa Fe 1 - Wichita 0
TOP OF THE 3RD
Santa Fe Diablos batting - Pitching for Wichita Wranglers : RHP Jeff Valdés
Batting: RHB Adam Reeves 0-0: SINGLE (Groundball, 6MD)
Batting: SHB Ed Dundee 0-0: Swinging Strike
0-1: Ball
1-1: Swinging Strike
1-2: Strikes out swinging
Batting: RHB Tim Adkins 0-0: Ball
1-0: Called Strike
1-1: Ball
2-1: Called Strike
2-2: Reached on error, E5 (Groundball, 5S)
Adam Reeves to second
Batting: RHB Ray Ervin 0-0: Ball
1-0: Foul Ball, location: 2F
1-1: Foul Ball, location: 2F
1-2: Ball
2-2: Foul Ball, location: 2F
2-2: Strikes out looking
Batting: LHB Juan Torres 0-0: Called Strike
0-1: Foul Ball, location: 2F
0-2: Ball
1-2: Foul Ball, location: 2F
1-2: Ball
2-2: Foul Ball, location: 2F
2-2: Foul Ball, location: 2F
2-2: Ball
3-2: 3-RUN HOME RUN (Flyball, 7D), Distance : 378 ft
Batting: SHB Ángel Díaz 0-0: Ball
1-0: Foul Ball, location: 2F
1-1: Foul Ball, location: 2F
1-2: Foul Ball, location: 2F
1-2: Ball
2-2: SINGLE (Flyball, 7LS)
Batting: RHB Nick Vogel 0-0: Ball
1-0: Foul Ball, location: 2F
1-1: Called Strike
1-2: Foul Ball, location: 2F
1-2: Ground out 4-3 (Groundball, 4D)
Top of the 3rd over - 3 runs, 3 hits, 1 error, 1 left on base; Santa Fe 4 - Wichita 0
BOTTOM OF THE 3RD
Wichita Wranglers batting - Pitching for Santa Fe Diablos : RHP Jacob Bryant
Batting: RHB José López 0-0: Foul Ball, location: 2F
0-1: Swinging Strike
0-2: Ground out 6-3 (Groundball, 6M)
Batting: RHB Miguel García 0-0: Ball
1-0: Called Strike
1-1: Swinging Strike
1-2: Ball
2-2: Ball
3-2: Strikes out swinging
Batting: RHB Dave Boom 0-0: Called Strike
0-1: Swinging Strike
0-2: Ball
1-2: Ground out 6-3 (Groundball, 6)
Bottom of the 3rd over - 0 runs, 0 hits, 0 errors, 0 left on base; Santa Fe 4 - Wichita 0
TOP OF THE 4TH
Santa Fe Diablos batting - Pitching for Wichita Wranglers : RHP Jeff Valdés
Batting: RHB Frank Martínez 0-0: Ball
1-0: Ball
2-0: Ball
3-0: Called Strike
3-1: Fly out, F8 (Flyball, 8LXD)
Batting: RHB Félix Campos 0-0: Foul Ball, location: 2F
0-1: Called Strike
0-2: Strikes out swinging
Batting: RHB Adam Reeves 0-0: Ball
1-0: Ball
2-0: Ball
3-0: Base on Balls
Batting: SHB Ed Dundee 0-0: Fly out, F3 (Line Drive, 3L)
Top of the 4th over - 0 runs, 0 hits, 0 errors, 1 left on base; Santa Fe 4 - Wichita 0
BOTTOM OF THE 4TH
Wichita Wranglers batting - Pitching for Santa Fe Diablos : RHP Jacob Bryant
Batting: LHB Dudley Cooper 0-0: Ball
1-0: Ground out U3 (Groundball, 3L)
Batting: RHB Jorge Barbosa 0-0: Called Strike
0-1: Ball
1-1: Ball
2-1: Foul Ball, location: 2F
2-2: Ground out 6-3 (Groundball, 6)
Batting: LHB Milo Powers 0-0: Ball
1-0: Ball
2-0: Ball
3-0: Called Strike
3-1: Base on Balls
Batting: RHB Travis Ezell 0-0: Called Strike
0-1: Swinging Strike
0-2: Strikes out swinging
Bottom of the 4th over - 0 runs, 0 hits, 0 errors, 1 left on base; Santa Fe 4 - Wichita 0
TOP OF THE 5TH
Santa Fe Diablos batting - Pitching for Wichita Wranglers : RHP Jeff Valdés
Batting: RHB Tim Adkins 0-0: Ball
1-0: Ball
2-0: Foul Ball, location: 2F
2-1: Ball
3-1: Base on Balls
Batting: RHB Ray Ervin 0-0: Ball
1-0: Foul Ball, location: 2F
1-1: Reached on error, E1 (Groundball, 13)
Tim Adkins to second
Batting: LHB Juan Torres 0-0: Ball
1-0: Foul Ball, location: 2F
1-1: Ball
2-1: Ball
3-1: Foul Ball, location: 2F
3-2: DOUBLE (Line Drive, 7LS)
Tim Adkins scores
Ray Ervin to third
Pitching: RHP Carlos Gabriel
Batting: SHB Ángel Díaz 0-0: Called Strike
0-1: Called Strike
0-2: Ball
1-2: Ball
2-2: Ball
3-2: SINGLE (Groundball, 4MD)
Ray Ervin scores
Juan Torres to third
Batting: RHB Nick Vogel 0-0: Ball
1-0: Foul Ball, location: 2F
1-1: Ball
2-1: Called Strike
2-2: Strikes out looking
Batting: RHB Frank Martínez 0-0: Called Strike
Ángel Díaz steals 2nd base
0-1: Called Strike
0-2: Ball
1-2: Ball
2-2: SINGLE (Line Drive, 4M)
Juan Torres scores
Ángel Díaz to third
Runner from 3rd tries for Home, SAFE, throw made home
Batting: RHB Félix Campos 0-0: Called Strike
0-1: TRIPLE (Flyball, 7D)
Frank Martínez scores
Pitching: RHP Tony Edmonds
Batting: RHB Adam Reeves 0-0: Swinging Strike
0-1: Ball
1-1: Ground out 3-1 (Groundball, 34S)
Félix Campos scores
Batting: SHB Ed Dundee 0-0: Swinging Strike
0-1: Foul Ball, location: 2F
0-2: Ball
1-2: Strikes out swinging
Top of the 5th over - 6 runs, 4 hits, 1 error, 0 left on base; Santa Fe 10 - Wichita 0
BOTTOM OF THE 5TH
Wichita Wranglers batting - Pitching for Santa Fe Diablos : RHP Jacob Bryant
Batting: LHB Al Miller 0-0: Ball
1-0: Ball
2-0: Called Strike
2-1: Foul Ball, location: 2F
2-2: Ball
3-2: Foul Ball, location: 2F
3-2: Foul Ball, location: 2F
3-2: Foul Ball, location: 2F
3-2: Foul Ball, location: 2F
3-2: Strikes out looking
Batting: RHB Stan Taylor 0-0: Foul Ball, location: 2F
0-1: Called Strike
0-2: Strikes out swinging
Batting: RHB José López 0-0: Called Strike
0-1: Ball
1-1: Swinging Strike
1-2: Foul Ball, location: 2F
1-2: Fly out, F9 (Flyball, 89M)
Bottom of the 5th over - 0 runs, 0 hits, 0 errors, 0 left on base; Santa Fe 10 - Wichita 0
TOP OF THE 6TH
Santa Fe Diablos batting - Pitching for Wichita Wranglers : RHP Tony Edmonds
Pinch Hitting: LHB Arturo Rodledo 0-0: Ball
1-0: Called Strike
1-1: Ball
2-1: Fly out, F6 (Popup, 6MS)
Batting: RHB Ray Ervin 0-0: Ball
1-0: Called Strike
1-1: Ball
2-1: Ball
3-1: Base on Balls
Batting: LHB Juan Torres 0-0: Ball
1-0: Called Strike
1-1: Foul Ball, location: 2F
1-2: Ball
2-2: Ball
3-2: SINGLE (Flyball, 7LS)
Ray Ervin to second
Batting: SHB Ángel Díaz 0-0: Foul Ball, location: 2F
0-1: Ball
1-1: Ball
2-1: Fly out, F8 (Flyball, 8LM)
Pinch Hitting: LHB Michael Barrett 0-0: Fielders Choice at 2nd, 5-4 (Groundball, 56)
Top of the 6th over - 0 runs, 1 hit, 0 errors, 2 left on base; Santa Fe 10 - Wichita 0
BOTTOM OF THE 6TH
Wichita Wranglers batting - Pitching for Santa Fe Diablos : RHP Jacob Bryant
Now at 3B: Michael Barrett
Now at SS: Chris Deem
Batting: RHB Miguel García 0-0: Ball
1-0: Foul Ball, location: 2F
1-1: Foul Ball, location: 2F
1-2: Ball
2-2: Foul Ball, location: 2F
2-2: Ball
3-2: Strikes out swinging
Batting: RHB Dave Boom 0-0: Called Strike
0-1: Ball
1-1: Ball
2-1: Ground out 6-3 (Groundball, 6)
Batting: LHB Dudley Cooper 0-0: Ball
1-0: Ball
2-0: Called Strike
2-1: Foul Ball, location: 2F
2-2: Fly out, F4 (Line Drive, 4)
Bottom of the 6th over - 0 runs, 0 hits, 0 errors, 0 left on base; Santa Fe 10 - Wichita 0
TOP OF THE 7TH
Santa Fe Diablos batting - Pitching for Wichita Wranglers : RHP Tony Edmonds
Batting: RHB Frank Martínez 0-0: Swinging Strike
0-1: Ball
1-1: DOUBLE (Flyball, 7LD)
Batting: RHB Félix Campos 0-0: Ball
1-0: Called Strike
1-1: Called Strike
1-2: Foul Ball, location: 2F
1-2: Ball
2-2: Strikes out swinging
Batting: RHB Adam Reeves 0-0: Fly out, F7 (Line Drive, 7)
Batting: SHB Ed Dundee 0-0: Called Strike
0-1: Foul Ball, location: 2F
0-2: Foul Ball, location: 2F
0-2: Ball
1-2: Fly out, F9 (Flyball, 89M)
Top of the 7th over - 0 runs, 1 hit, 0 errors, 1 left on base; Santa Fe 10 - Wichita 0
BOTTOM OF THE 7TH
Wichita Wranglers batting - Pitching for Santa Fe Diablos : RHP Jacob Bryant
Now in CF: Luis Torres
Batting: RHB Jorge Barbosa 0-0: Ball
1-0: Fly out, F7 (Flyball, 7)
Batting: LHB Milo Powers 0-0: Fly out, F8 (Flyball, 8RS)
Batting: RHB Travis Ezell 0-0: Ball
1-0: Ball
2-0: Called Strike
2-1: Foul Ball, location: 2F
2-2: Ground out 6-3 (Groundball, 6)
Bottom of the 7th over - 0 runs, 0 hits, 0 errors, 0 left on base; Santa Fe 10 - Wichita 0
TOP OF THE 8TH
Santa Fe Diablos batting - Pitching for Wichita Wranglers : RHP Tony Edmonds
Batting: RHB Chris Deem 0-0: Ball
1-0: Ground out 4-3 (Groundball, 34)
Batting: RHB Ray Ervin 0-0: Ball
1-0: Ball
2-0: Foul Ball, location: 2F
2-1: Ball
3-1: Base on Balls
Batting: LHB Juan Torres 0-0: Ball
1-0: Called Strike
1-1: Ball
2-1: Called Strike
2-2: Ball
3-2: Base on Balls
Ray Ervin to second
Batting: SHB Ángel Díaz 0-0: Fielders Choice at 2nd, 6-4 (Groundball, 6M)
Ray Ervin to third
Batting: LHB Michael Barrett 0-0: Called Strike
0-1: Foul Ball, location: 2F
0-2: Ball
1-2: Ball
2-2: Ball
3-2: Strikes out looking
Top of the 8th over - 0 runs, 0 hits, 0 errors, 2 left on base; Santa Fe 10 - Wichita 0
BOTTOM OF THE 8TH
Wichita Wranglers batting - Pitching for Santa Fe Diablos : RHP Jacob Bryant
Batting: LHB Al Miller 0-0: Fly out, F8 (Flyball, 8LM)
Batting: RHB Stan Taylor 0-0: Called Strike
0-1: Ball
1-1: Swinging Strike
1-2: Foul Ball, location: 2F
1-2: Foul Ball, location: 2F
1-2: Ball
2-2: Foul Ball, location: 2F
2-2: DOUBLE (Line Drive, 8LXD)
Batting: RHB José López 0-0: Foul Ball, location: 2F
0-1: Ball
1-1: Ball
2-1: Ground out 6-3 (Groundball, 6M)
Stan Taylor to third
Batting: RHB Miguel García 0-0: Ground out 6-3 (Groundball, 6)
Bottom of the 8th over - 0 runs, 1 hit, 0 errors, 1 left on base; Santa Fe 10 - Wichita 0
TOP OF THE 9TH
Santa Fe Diablos batting - Pitching for Wichita Wranglers : RHP Tony Edmonds
Batting: RHB Frank Martínez 0-0: DOUBLE (Line Drive, 5D)
Batting: LHB Luis Torres 0-0: Foul Ball, location: 2F
0-1: Called Strike
0-2: SINGLE (Flyball, 89M)
Frank Martínez to third
Runner from 3rd tries for Home, SAFE, throw made home
Luis Torres to second
Batting: RHB Adam Reeves 0-0: Ball
1-0: Ball
2-0: Called Strike
2-1: Ball
3-1: Called Strike
3-2: Strikes out looking
Batting: SHB Ed Dundee 0-0: Foul Ball, location: 2F
0-1: Ball
1-1: Ball
2-1: Foul Ball, location: 2F
2-2: Ball
3-2: Fly out, F9 (Flyball, 9D)
Runner from 2nd tags up, SAFE at 3rd, no throw
Batting: RHB Chris Deem 0-0: Ball
1-0: Foul Ball, location: 2F
1-1: Foul Ball, location: 2F
1-2: Ground out 5-3 (Groundball, 5)
Top of the 9th over - 1 run, 2 hits, 0 errors, 1 left on base; Santa Fe 11 - Wichita 0
BOTTOM OF THE 9TH
Wichita Wranglers batting - Pitching for Santa Fe Diablos : RHP Jacob Bryant
Batting: RHB Dave Boom 0-0: Called Strike
0-1: Ball
1-1: Called Strike
1-2: Strikes out looking
Pitching: RHP Bill Davis
Batting: LHB Dudley Cooper 0-0: Ball
1-0: Called Strike
1-1: Ground out U3 (Groundball, 34)
Batting: RHB Jorge Barbosa 0-0: Called Strike
0-1: Foul Ball, location: 2F
0-2: Ball
1-2: Strikes out swinging
Bottom of the 9th over - 0 runs, 0 hits, 0 errors, 0 left on base; Santa Fe 11 - Wichita 0
Saturday, December 16th, 2017 - OOTP Baseball 18.8 Build 76